 Dungeon Crawl Stone Soup version 0.32-a0-350-g4f4d228785 (webtiles) character file.

Game seed: 16817157181047605714

126 tilp the Firebug (level 4, -3/37 HPs)
             Began as a Mountain Dwarf Fire Elementalist on Feb 17, 2024.
             Succumbed to Robin's poison
             ... on level 2 of the Dungeon.
             The game lasted 00:04:38 (2112 turns).

tilp the Firebug (Mountain Dwarf Fire Elementalist) Turns: 2112, Time: 00:04:38

Health: -3/37      AC:  7    Str: 11    XL:     4   Next: 84%
Magic:  1/7        EV: 10    Int: 17    God:
Gold:   121        SH:  0    Dex: 10    Spells: 1/7 levels left

rFire   . . .        a - +0 whip
rCold   . . .        (no shield)
rNeg    . . .        n - +0 ring mail
rPois   .            (no helmet)
rElec   .            (no cloak)
rCorr   .            o - +0 pair of gloves
SInv    .            d - +0 pair of boots
Will    .....        (no amulet)
Stlth   +            (no ring)
HPRegen 0.26/turn    (no ring)
MPRegen 0.10/turn

%: no passive effects
@: brilliant, lethally poisoned (-3 -> -29), hasted, very quick
A: runic magic, artefact enchanting
a: no special abilities


You were on level 2 of the Dungeon.
You visited 1 branch of the dungeon, and saw 3 of its levels.

You collected 121 gold pieces.

Inventory:

Hand Weapons
 a - a +0 whip (weapon)
Missiles
 f - 3 poisoned darts (quivered)
 h - 6 boomerangs
 i - 20 stones
Armour
 c - a +0 leather armour
 d - a +0 pair of boots (worn)
 n - a +0 ring mail (worn)
 o - a +0 pair of gloves (worn)
Potions
 b - a potion of magic
 j - a potion of might {unknown}
 k - a potion of haste
 l - a potion of degeneration {unknown}
 m - a potion of curing {unknown}


   Skills:
 * Level 2.6 Fighting
 + Level 1.3 Maces & Flails
 + Level 1.7 Armour
 - Level 1.3 Dodging
 - Level 1.4 Stealth
 + Level 2.3 Spellcasting
 + Level 1.6 Conjurations
 + Level 4.1 Fire Magic


You had one spell level left.
You knew the following spells:

 Your Spells              Type           Power      Damage    Failure   Level
a - Foxfire               Conj/Fire      68%        2x1d7     7%          1
b - Scorch                Fire           48%        2d7       6%          2
c - Volatile Blastmotes   Fire/Tloc      26%        2d12      28%         3

Your spell library contained the following spells:

 Spells                   Type           Power      Damage    Failure   Level
 Inner Flame              Hex/Fire       13%        N/A       28%         3
 Fugue of the Fallen      Necr           2%         N/A       56%         3
 Ozocubu's Armour         Ice            2%         N/A       56%         3
 Flame Wave               Conj/Fire      17%        2d7       56%         4
 Manifold Assault         Tloc           2%         N/A       93%         4
 Summon Forest            Summ/Tloc      1%         N/A       100%        5
 Summon Mana Viper        Hex/Summ       2%         N/A       100%        5
 Summon Cactus Giant      Summ           1%         N/A       100%        6


Dungeon Overview and Level Annotations

Branches:
Dungeon (3/15)

Altars:
Makhleb

Annotations:
D:2 Robin


Innate Abilities, Weirdness & Mutations

Your spellcasting is much less encumbered by armour.
You can use scrolls of enchantment on lesser artefacts.


Message History

The goblin barely misses you. Robin hits you but does no damage.
You are poisoned.
You hit the goblin but do no damage.
The goblin is heavily wounded.
You feel sick. The goblin hits you but does no damage.
Robin hits you with a +5 dagger of venom.
You are more poisoned.
You hit the goblin.
You kill the goblin!
You feel very sick.
Robin hits you with a +5 dagger of venom.
You are lethally poisoned!
* * * LOW HITPOINT WARNING * * *
You feel very sick.
Things that are here:
a +0 dagger; a goblin corpse Unknown command.
Casting: Scorch (safe; 6% risk of failure)
Confirm with . or Enter, or press ? or * to list all spells.
You conjure some foxfire!
* * * LOW HITPOINT WARNING * * *
You feel very sick. Robin hits you but does no damage.
You are more poisoned.
* * * LOW HITPOINT WARNING * * *
You feel very sick.
The foxfire hits Robin but does no damage.
The foxfire hits Robin.
Robin is lightly wounded.
Your magical contamination has completely faded away.
Unknown command.
It was a potion of haste.
You feel yourself speed up.
* * * LOW HITPOINT WARNING * * *
You feel very sick. Robin hits you but does no damage.
You are more poisoned.
Unknown command.
It was a potion of brilliance.
You feel clever all of a sudden.
You die...

####### #####.....# ######
####### #.......#.#####.....
#.....# #...................
#.....# #.......#.#.........
#.....# ##.......#.#.........
#.....######.####.#.#.###.......
##..............@g.#)#...........
.................).).####........
.##.#...........##>)..###.#..#...
.#.....)#####...##......#^#.....#
.#..##......#......#....#ß#......
.#..##......#...........#^#......
.#..##.........#...##..##.###....
.####........#.#........#........
....'...#....#.#.................


You could see Robin.

Vanquished Creatures
  3 adders
  2 dart slugs
  4 orcs
  A bat (D:1)
  4 endoplasms (D:2)
  A giant cockroach (D:1)
  11 goblins
  9 hobgoblins
  3 jackals (D:1)
  A kobold (D:2)
  3 quokkas (D:1)
  2 ball pythons (D:1)
  4 rats
48 creatures vanquished.

Vanquished Creatures (others)
  56 foxfires
56 creatures vanquished.

Grand Total: 104 creatures vanquished

Notes
Turn   | Place    | Note
-------+----------+-------------------------------------------
     0 | D:1      | tilp the Mountain Dwarf Fire Elementalist began the quest
                  | for the Orb.
     0 | D:1      | Reached XP level 1. HP: 14/14 MP: 3/3
   186 | D:1      | Reached skill level 1 in Conjurations
   276 | D:1      | Reached skill level 1 in Fighting
   276 | D:1      | Reached XP level 2. HP: 23/23 MP: 0/4
   387 | D:1      | Learned a level 2 spell: Scorch
   890 | D:1      | Reached skill level 1 in Armour
   890 | D:1      | Reached XP level 3. HP: 28/28 MP: 3/6
  1139 | D:2      | Found a burning altar of Makhleb.
  1278 | D:2      | Reached skill level 4 in Fire Magic
  1355 | D:2      | Reached XP level 4. HP: 36/36 MP: 3/7
  1463 | D:2      | Learned a level 3 spell: Volatile Blastmotes
  1554 | D:2      | Reached skill level 1 in Maces & Flails
  2031 | D:3      | Noticed Robin
  2111 | D:2      | HP: 1/37 [poisoned by Robin]
  2112 | D:2      | Succumbed to Robin's poison

Illustrated notes

Levels and vault maps discovered:
D:1:      hellmonk_arrival_library, layout_loops_cross
D:2:      layout_basic, basic_altar, ebering_dispersal_statue_hall
D:3:      layout_rooms, nicolae_overflow_crystal_walls, portal_sewer_entry_e,
          chequers_decorated_corner, uniq_jessica, uniq_robin

Skill      XL: |  1  2  3  4 |
---------------+-------------+-----
Conjurations   | 1 |  1.6
Fighting       | 1 2 |  2.6
Spellcasting   | 2 |  2.3
Armour         | 1 |  1.7
Fire Magic     | 4 |  4.1
Maces & Flails | 1 |  1.3
Dodging        | |  1.3
Stealth        | |  1.4

Action                     |  1- 3 |  4- 6 || total
---------------------------+-------+-------++-------
  Melee: Unarmed           |     6 |       ||     6
         Whip              |    23 |    36 ||    59
   Cast: Foxfire           |    23 |    11 ||    34
         Scorch            |    11 |    10 ||    21
    Use: Scroll            |     1 |     1 ||     2
         Potion            |       |     2 ||     2
   Stab: Sleeping          |     1 |       ||     1
 Armour: Leather armour    |    24 |       ||    24
         Robe              |     2 |       ||     2
         Ring mail         |       |    45 ||    45
  Dodge: Dodged            |    31 |    31 ||    62

Table legend: (Time is in decaauts)
 A = Elapsed time spent in this place.
 B = Non-inter-level travel time spent in this place.
 C = Inter-level travel time spent in this place.
 D = Time resting spent in this place.
 E = Time spent auto-exploring this place.
 F = Levels seen in this place.
 G = Mean time per level.
                   A        B        C        D        E       F      G
               +--------+--------+--------+--------+--------+-----+--------+
         Total |   2117 |   1944 |    173 |     48 |   1531 |   3 |  705.7 |
       Dungeon |   2117 |   1944 |    173 |     48 |   1531 |   3 |  705.7 |
               +--------+--------+--------+--------+--------+-----+--------+

Top non-repeatable levels by time:
     D:1: 1047 daAuts
     D:2: 1007 daAuts
     D:3: 62 daAuts
